 Dungeon Crawl Stone Soup version 0.24-a0-586-g8e0e932 (webtiles) character file.

Game seed: 10268503320241986226, levelgen mode: deterministic

6 Dorkslayer the Skirmisher (level 1, 0/16 HPs)
             Began as an Octopode Fighter on Sept 8, 2019.
             Slain by a frilled lizard (2 damage)
             ... on level 1 of the Dungeon.
             The game lasted 00:00:58 (54 turns).

Dorkslayer the Skirmisher (Octopode Fighter)          Turns: 54, Time: 00:00:59

Health: 0/16       AC:  1    Str: 15    XL:     1   Next: 90%
Magic:  1/1        EV: 11    Int: 10    God:
Gold:   0          SH:  8    Dex: 11    Spells: 0/0 levels left

rFire    . . .     SeeInvis .   a - +0 long sword
rCold    . . .     Gourm    .   b - +0 shield
rNeg     . . .     Faith    .   (helmet restricted)
rPois    .         Spirit   .   (no amulet)
rElec    .         Reflect  .   (no ring)
rCorr    .         Harm     .   (no ring)
MR       .....                  (no ring)
Stlth    ++........             (no ring)
HPRegen  0.05/turn              (no ring)
MPRegen  0.07/turn              (no ring)
                                (no ring)
                                (no ring)

@: no status effects
A: almost no armour, stealthy swim, amphibious, 8 rings, constrict 8, camouflage
1, gelatinous body 1
a: no special abilities


You were on level 1 of the Dungeon.
You were not hungry.

You visited 1 branch of the dungeon, and saw 1 of its levels.

Inventory:

Hand Weapons
 a - a +0 long sword (weapon)
Armour
 b - a +0 shield (worn)
Scrolls
 e - a scroll of remove curse {unknown}
 f - a scroll of identify {unknown}
Potions
 c - a potion of might
Comestibles
 d - a ration
 g - 2 chunks of flesh


   Skills:
 * Level 3.2 Fighting
 + Level 2.0 Long Blades
 + Level 3.0 Dodging
 + Level 3.0 Shields


You couldn't memorise any spells.
You didn't know any spells.
Your spell library was empty.

Dungeon Overview and Level Annotations

Branches:
Dungeon (1/15)

Altars:


Innate Abilities, Weirdness & Mutations

You cannot wear most types of armour.
You are very stealthy in the water. (Stealth+)
You are amphibious.
You can wear up to eight rings at the same time.
You can use your tentacles to constrict eight enemies at once.
Your skin changes colour to match your surroundings (Stealth+).
Your rubbery body absorbs attacks. (AC +1, EV +1)


Message History

You riposte.
You hit the bat.
You kill the bat!
Items here: ( )) † a +0 club; a +0 dagger; 4 stones; a kobold corpse A kobold comes into view.
It is wielding a +0 short sword.
A frilled lizard comes into view.
The frilled lizard hisses angrily.
The kobold shouts!
The kobold hits you with a +0 short sword.
You barely miss the kobold. Your grab misses the kobold.
The kobold hits you with a +0 short sword.
* * * LOW HITPOINT WARNING * * *
You barely miss the kobold. You grab the kobold. You squeeze the kobold.
You kill the kobold!
Okay, then.
You closely miss the frilled lizard. Your grab misses the frilled lizard.
The frilled lizard barely misses you.
You riposte.
You miss the frilled lizard. You grab the frilled lizard.
A rat comes into view.
The frilled lizard bites you.
You die...

## .r.# ##
#..#...##### ...
.....## .........#
#.#.##..# #l)##..#
###### #@##..#
###.....
##.#..#####..P...P
##)..............
#.##÷#####....<).
#.# #.# ##...[..
#.. #.# #.P...P
... ..# ##..)..
.... ###. #.##..
#### . ..# #.


You could see a frilled lizard and a rat (wandering).

Vanquished Creatures
  A hobgoblin (D:1)
  2 bats (D:1)
  A frilled lizard (D:1)
  2 kobolds (D:1)
6 creatures vanquished.

Notes
Turn   | Place    | Note
-------+----------+-------------------------------------------
     0 | D:1      | Dorkslayer the Octopode Fighter began the quest for the
                  | Orb.
     0 | D:1      | Reached XP level 1. HP: 16/16 MP: 1/1
    54 | D:1      | Slain by a frilled lizard

Levels and vault maps discovered:
D:1:      dpeg_arrival_orchard, layout_loops_ring, minmay_tree_intersection,
          corexii_item_surrounded_by_moat, minmay_misc_feat_iff

Action                   || total
-------------------------++-------
Melee: Long sword        ||    17
       Constrict         ||     7
       Tentacles         ||     3
Armor: Skin              ||     5
Dodge: Dodged            ||     9
Block: Shield            ||     5
       Rpst.: Long sword ||     3

Table legend:
 A = Non-vault XP
 B = Vault XP
 C = Vault XP percentage of total XP
 D = Non-vault monster count
 E = Vault monster count
 F = Vault count percentage of total count
                 A         B        C        D         E       F
            +---------+---------+-------+---------+---------+-------
      Total |       9 |       0 |   0.0 |       6 |       0 |   0.0
            +---------+---------+-------+---------+---------+-------
        D:1 |       9 |       0 |   0.0 |       6 |       0 |   0.0
            +---------+---------+-------+---------+---------+-------
